 Dungeon Crawl Stone Soup version 0.30-a0-218-gedb9141078 (webtiles) character file.

Game seed: 17123400047943993263

63 LnG the Caller (level 4, 0/24 HPs)
             Began as a Kobold Summoner on Oct 5, 2022.
             Slain by a goblin
             ... wielding a +0 dagger
             ... led by Robin
              (2 damage)
             ... on level 3 of the Dungeon.
             The game lasted 00:05:49 (2167 turns).

LnG the Caller (Kobold Summoner)                    Turns: 2167, Time: 00:05:49

Health: 0/24       AC:  2    Str:  5    XL:     4   Next: 31%
Magic:  1/7        EV: 15    Int: 18    God:
Gold:   146        SH:  0    Dex: 15    Spells: 1/7 levels left

rFire   . . .      SeeInvis .    f - +0 dagger
rCold   . . .      Faith    .    (no shield)
rNeg    . . .      Spirit   .    a - +0 robe
rPois   +          Reflect  .    (no helmet)
rElec   .          Harm     .    (no cloak)
rCorr   .          Rampage  .    (no gloves)
Will    .....                    (no boots)
Stlth   ++++......               (no amulet)
HPRegen 0.24/turn                o - ring of poison resistance
MPRegen 0.10/turn                (no ring)

@: very slightly contaminated
A: small, no large weapons, nightstalker 3
a: no special abilities


You were on level 3 of the Dungeon.
You visited 1 branch of the dungeon, and saw 3 of its levels.

You collected 146 gold pieces.

Inventory:

Hand Weapons
 d - a +0 short sword
 f - a +0 dagger (weapon)
 n - the +9 short sword "Haerphioh" {vorpal, rPois Str-5 Dex+6}
   (You found it on level 2 of the Dungeon)

   It inflicts extra damage upon your enemies.
   Str:       It affects your strength (-5).
   Dex:       It affects your dexterity (+6).
   rPois:     It protects you from poison.
Armour
 a - a +0 robe (worn)
Jewellery
 l - a ring of ice
 o - a ring of poison resistance (left hand)
Wands
 i - a wand of polymorph (10)
Scrolls
 c - a scroll of butterflies
 k - a scroll of immolation {unknown}
 m - a scroll of poison {unknown}
Potions
 b - a potion of magic
 e - 3 potions of curing {unknown}
 g - a potion of lignification {unknown}
 j - a potion of haste {unknown}
 p - a potion of degeneration {unknown}


   Skills:
 + Level 0.2 Fighting
 + Level 0.5 Short Blades
 + Level 3.0 Dodging
 * Level 4.4 Stealth
 + Level 2.3 Spellcasting
 + Level 4.5 Summonings


You had one spell level left.
You knew the following spells:

 Your Spells              Type           Power      Damage    Failure   Level
a - Summon Small Mammal   Summ           72%        N/A       2%          1
b - Call Imp              Summ           18%        N/A       4%          2
c - Call Canine Familiar  Summ           18%        N/A       9%          3

Your spell library contained the following spells:

 Spells                   Type           Power      Damage    Failure   Level
 Freeze                   Ice            8%         1d3       19%         1
 Summon Guardian Golem    Hex/Summ       10%        N/A       21%         3
 Frozen Ramparts          Ice            4%         1d1       47%         3
 Hailstorm                Conj/Ice       2%         3d3       47%         3
 Summon Lightning Spire   Summ/Air       10%        N/A       56%         4


Dungeon Overview and Level Annotations

Branches:
Dungeon (3/15)

Altars:

Annotations:
D:3 Robin


Innate Abilities, Weirdness & Mutations

You are small and have problems with some larger weapons.
You are completely attuned to the shadows.


Message History

The spell is quite dangerous to miscast (9% risk of failure)!
Continue anyway?
The goblin hits you but does no damage. The hobgoblin barely misses you.
The goblin barely misses you.
A goblin comes into view. It is wielding a +0 dagger.
The goblin misses you. The goblin attacks as you move away!
The goblin hits you with a +0 dagger.
Your hound closely misses the goblin.
Robin roars a battlecry!
The goblins go into a battle-frenzy!
The goblin barely misses you.
You hear a shout!
You hit the goblin but do no damage.
Your hound closely misses the goblin.
The hobgoblin barely misses you.
Robin roars a battlecry!
The goblin closely misses you.
Your hound bites the goblin.
You closely miss the goblin.
The goblin is moderately wounded.
Your hound completely misses the goblin.
The goblin hits you with a +0 dagger. The goblin barely misses you.
The hobgoblin closely misses you.
A hobgoblin comes into view.
Robin roars a battlecry!
The goblin hits you with a +0 club.
You hit the goblin.
The goblin is heavily wounded.
Your hound misses the goblin. The goblin completely misses you.
The hobgoblin misses you.
Robin says, "Duck!"
Robin throws the goblin at you!
A goblin comes into view. It is wielding a +0 dagger.
The goblin hits you with a +0 dagger.
* * * LOW HITPOINT WARNING * * *
The goblin barely misses you.
Your hound bites the goblin.
The goblin dies!
As you read the scroll of summoning, it crumbles to dust.
Wisps of shadow whirl around you... The goblin misses you.
The hobgoblin hits you.
* * * LOW HITPOINT WARNING * * *
The goblin hits you with a +0 dagger.
You die...

####..........# ##......
#........#.#.## ##...#.
#....#...#.#.# #...###
#....#.......# #..###
#............# ...## ##
#..........#.###)..#######.
#...###..S.r.....#.....#...
#..## #..#gh.##..........##
#### ##^g@gg.#............
###gg..........<..##
#.#Sg....†......#
...#g.##.........#
[.###.g##.........# ##
g..........†.# .......>.#
........# ........


You could see Robin, 3 hobgoblins, 5 goblins, a friendly hound (summoned), 2
friendly adders and a friendly quokka (summoned).

Vanquished Creatures
  A dart slug (D:2)
  An orc (D:2)
  6 ball pythons
  5 bats
  4 endoplasms
  3 giant cockroaches
  3 goblins
  3 hobgoblins
  2 quokkas (D:2)
  2 frilled lizards
  3 kobolds
  5 rats
38 creatures vanquished.

Vanquished Creatures (collateral kills)
  An adder (D:2)
  A giant cockroach (D:2)
  A goblin (D:3)
  2 hobgoblins (D:2)
  A kobold (D:2)
  A ball python (D:2)
7 creatures vanquished.

Grand Total: 45 creatures vanquished

Notes
Turn   | Place    | Note
-------+----------+-------------------------------------------
     0 | D:1      | LnG the Kobold Summoner began the quest for the Orb.
     0 | D:1      | Reached XP level 1. HP: 10/10 MP: 3/3
   233 | D:1      | Reached XP level 2. HP: 15/15 MP: 5/5
   547 | D:1      | Found a faded altar of an unknown god.
  1033 | D:2      | Reached XP level 3. HP: 19/19 MP: 6/6
  1048 | D:2      | Learned a level 2 spell: Call Imp
  1052 | D:2      | Learned a level 3 spell: Call Canine Familiar
  1628 | D:2      | Reached XP level 4. HP: 17/24 MP: 3/7
  1776 | D:2      | Identified the +9 short sword "Haerphioh" {vorpal, rPois
                  | Str-5 Dex+6}
  2158 | D:3      | Noticed Robin
  2167 | D:3      | Slain by a goblin

Illustrated notes

Levels and vault maps discovered:
D:1:      minmay_arrival_five_plusses, layout_loops_cross,
          dreamdust_ecumenical_altar_statues
D:2:      layout_loops_cross, minmay_tromino_i4
D:3:      layout_rooms, kennysheep_generic_room_7, uniq_robin

Skill      XL: |  1  2  3  4 |
---------------+-------------+-----
Stealth        | 3 4 |  4.4
Dodging        | 3 |  3.0
Fighting       | |  0.2
Short Blades   | |  0.5
Spellcasting   | |  2.3
Summonings     | |  4.5

Action                   |  1- 3 |  4- 6 || total
-------------------------+-------+-------++-------
Melee: Unarmed           |    34 |       ||    34
       Short sword       |     4 |       ||     4
       Punch             |     2 |       ||     2
       Dagger            |    98 |    32 ||   130
 Cast: Summon Small Mamm |     9 |       ||     9
       Call Canine Famil |     2 |     1 ||     3
       Call Imp          |     2 |       ||     2
  Use: Scroll            |     1 |     3 ||     4
 Stab: Sleeping          |    14 |     4 ||    18
Armor: Robe              |    30 |     3 ||    33
Dodge: Dodged            |   100 |    37 ||   137

Table legend: (Time is in decaauts)
 A = Elapsed time spent in this place.
 B = Non-inter-level travel time spent in this place.
 C = Inter-level travel time spent in this place.
 D = Time resting spent in this place.
 E = Time spent auto-exploring this place.
 F = Levels seen in this place.
 G = Mean time per level.
                   A        B        C        D        E       F      G
               +--------+--------+--------+--------+--------+-----+--------+
         Total |   2164 |   2090 |     74 |      6 |   1652 |   3 |  721.3 |
       Dungeon |   2164 |   2090 |     74 |      6 |   1652 |   3 |  721.3 |
               +--------+--------+--------+--------+--------+-----+--------+

Top non-repeatable levels by time:
     D:2: 1026 daAuts
     D:1: 956 daAuts
     D:3: 182 daAuts
